 Dungeon Crawl Stone Soup version 0.22.0-6-g71bd7aa (webtiles) character file.

24504 troglodite the Carver (level 12, -2/97 HPs)
             Began as a Demonspawn Berserker on Aug 15, 2018.
             Was a High Priest of Trog.
             Slain by a 16-headed hydra (7 damage)
             ... on level 12 of the Dungeon.
             The game lasted 00:56:00 (15676 turns).

troglodite the Carver (Demonspawn Berserker)       Turns: 15676, Time: 00:56:01

Health: -2/97      AC: 21    Str: 23    XL:     12   Next: 81%
Magic:  12/12      EV:  6    Int:  9    God:    Trog [*****.]
Gold:   803        SH: 17    Dex: 19    Spells: 11/11 levels left

rFire    + . .     SeeInvis +   D - +9 long sword of Defiance {protect, +Fly Dex+2}
rCold    + . .     Gourm    .   Q - +2 large shield {rF+}
rNeg     . . .     Faith    +   L - +0 plate armour
rPois    .         Spirit   .   (helmet unavailable)
rElec    .         Reflect  .   E - +1 cloak
rCorr    +         Harm     .   (no gloves)
MR       .....                  q - +0 pair of boots
Stlth    ..........             m - amulet of faith
HPRegen  0.26/turn              f - ring of resist corrosion
MPRegen  0.13/turn              s - ring of protection from cold

@: mighty, berserk cooldown, slowed, very slow
A: antennae 3, thin metallic scales 2, demonic guardian 2, powered by pain 3
a: Berserk, Trog's Hand, Brothers in Arms, Renounce Religion, Evoke Flight


You were on level 12 of the Dungeon.
You worshipped Trog.
Trog was extremely pleased with you.
You were not hungry.

You visited 1 branch of the dungeon, and saw 12 of its levels.
You also visited: Ice Cave.

You collected 803 gold pieces.

Inventory:

Hand Weapons
 a - a +0 falchion
 D - the +9 long sword of Defiance (weapon) {protect, +Fly Dex+2}
   (You took it off an orc priest on level 5 of the Dungeon)

   It protects the one who uses it against injury (+AC on strike).
   It affects your dexterity (+2).
   It lets you fly.
Armour
 q - a +0 pair of boots (worn)
 E - a +1 cloak (worn)
 L - a +0 plate armour (worn)
 Q - a +2 large shield of fire resistance (worn)
Jewellery
 f - a ring of resist corrosion (left hand)
 m - an amulet of faith (around neck)
 s - a ring of protection from cold (right hand)
 G - an uncursed amulet of rage {unknown}
 I - a +6 amulet of reflection {unknown}
Wands
 j - a wand of clouds (5)
 y - a wand of digging (8)
 B - a wand of paralysis (17)
 C - a wand of disintegration (9)
 F - a wand of scattershot (6)
 M - a wand of iceblast (13)
Scrolls
 g - 7 scrolls of remove curse {unknown}
 h - 6 scrolls of identify
 i - 3 scrolls of magic mapping
 k - 2 scrolls of enchant armour {unknown}
 l - 3 scrolls of amnesia {unknown}
 p - 9 scrolls of teleportation {unknown}
 r - a scroll of noise {unknown}
 t - 2 scrolls of immolation {unknown}
 v - a scroll of random uselessness {unknown}
 w - a scroll of blinking {unknown}
 x - a scroll of fog {unknown}
 N - a scroll of fear {unknown}
 R - a scroll of enchant weapon {unknown}
Potions
 b - a potion of cancellation
 d - 2 potions of might
 e - 7 potions of curing
 n - 3 potions of heal wounds
 o - a potion of magic
 u - 2 potions of brilliance
 z - 4 potions of mutation
 A - 2 potions of resistance
 H - a potion of haste
 J - a potion of berserk rage
 K - a potion of invisibility
 O - 3 potions of ambrosia
 P - a potion of agility
Comestibles
 c - 7 rations


   Skills:
 * Level 10.1 Fighting
 + Level 12.9 Long Blades
 * Level 10.6 Armour
 * Level 5.2 Dodging
 + Level 3.2 Stealth
 * Level 3.8 Shields


You had 11 spell levels left.
You didn't know any spells.
Your spell library was empty.

Dungeon Overview and Level Annotations

Branches:
Dungeon (12/15)            Temple (0/1) D:7            Lair (0/6) D:10
    Orc (0/2) D:11

Altars:
Gozag
Nemelex Xobeh
Trog
Xom
The Shining One
Jiyva

Shops:
D:9 (

Annotations:
D:4 2 transporters
D:10 1 runed door
D:12 3 runed doors, HydraWiggins's ghost, journeyman TrAE


Innate Abilities, Weirdness & Mutations

You have a pair of large antennae on your head. (SInv)
You are mostly covered in thin metallic scales. (AC +3)
A demonic guardian rushes to your aid.
You are powered by pain.


Message History

The 16-headed hydra bites you but does no damage. x3
You block the 16-headed hydra's attack. The 16-headed hydra barely misses you.
The 16-headed hydra bites you but does no damage. x2
The 16-headed hydra bites you!
* * * LOW HITPOINT WARNING * * *
You block the 16-headed hydra's attack.
The 16-headed hydra bites you but does no damage. x4
The 16-headed hydra barely misses you. The 16-headed hydra bites you!
* * * LOW HITPOINT WARNING * * *
You focus on the pain.
You feel very mighty all of a sudden.
The 16-headed hydra bites you but does no damage.
The 16-headed hydra bites you.
* * * LOW HITPOINT WARNING * * *
The 16-headed hydra completely misses you.
The 16-headed hydra bites you but does no damage.
The 16-headed hydra completely misses you.
The 16-headed hydra bites you but does no damage. x5
The 16-headed hydra bites you!
You die...

#'#.....#...##.....,*
..'.....#...##....,,*
..#.....#...##..#*,,*
..#.....'...##'###,,*
###.....#........#,,*
....#'###........#,,*
....#..#######..##***
....#..#.....#.D##,,*
....#[.#.....#..@#,,*
....#..#.....#...'..#
....####.....#########
##......#####........#
.#......# #........#
.#..(...# #........#
.#......# #........#
.#......# #........#
##......# ##########


You could see a 16-headed hydra.

Vanquished Creatures
  A white draconian (IceCv)
  2 death yaks
  A two-headed ogre (D:10)
  An unseen horror (D:10)
  Pikel (D:4)
  An ugly thing (D:11)
  A gargoyle (D:11)
  4 kobold demonologists
  2 ice devils (D:12)
  3 trolls
  12 polar bears (IceCv)
  A hornet (D:11)
  Prince Ribbit (D:5)
  A slime creature (D:12)
  Sigmund (D:4)
  A shadow (D:11)
  17 yaks
  A wyvern (D:10)
  Eustachio (D:5)
  Menkaure (D:6)
  Edmund (D:5)
  A soldier ant (D:10)
  An acid dragon (D:11)
  A water moccasin (D:9)
  Duvessa (D:5)
  6 orc warriors
  A porcupine (D:9)
  A black bear (D:12)
  A sky beast (D:8)
  4 ice beasts
  2 necrophages
  4 phantoms
  An eye of draining (D:6)
  5 ogres
  12 wolves (IceCv)
  3 centaurs
  A crocodile (D:12)
  12 bullfrogs
  4 big kobolds
  A wyvern skeleton (D:12)
  3 scorpions
  13 killer bees
  9 wights
  2 howler monkeys
  2 centaur zombies
  2 crimson imps
  3 hounds
  2 quasits
  5 jellies
  7 orc priests
  2 bullfrog skeletons
  3 centaur skeletons
  Crazy Yiuf (D:5)
  2 iguanas
  4 orc wizards
  A hell rat (D:9)
  3 worker ants
  2 hound zombies
  A hound skeleton (D:10)
  A howler monkey zombie (D:6)
  6 gnolls
  A worker ant zombie (D:10)
  12 adders
  2 shadow imps
  A worm (D:6)
  2 dart slugs
  4 leopard geckos
  41 orcs
  5 bats
  A giant cockroach (D:1)
  6 hobgoblins
  4 jackals (D:8)
  5 quokkas
  3 ball pythons
  7 goblins
  A jackal skeleton (D:4)
  12 kobolds
  5 rats
303 creatures vanquished.

Vanquished Creatures (collateral kills)
  2 death yaks
  A two-headed ogre (D:12)
  A wizard (D:10)
  A cyclops (D:11)
  2 manticores
  An ice statue (IceCv)
  A rime drake (IceCv)
  A troll (D:11)
  6 polar bears (IceCv)
  2 yaks (IceCv)
  A wyvern (D:10)
  2 hungry ghosts
  An acid dragon (D:11)
  An eye of draining (D:6)
  A black bear (D:8)
  3 wolves (IceCv)
  An ogre (D:6)
  A centaur (D:11)
  4 big kobolds (D:11)
  2 bullfrogs
  A gnoll sergeant (D:11)
  Dowan (D:5)
  A scorpion (D:6)
  A killer bee (D:11)
  A crimson imp (D:12)
  A centaur skeleton (D:10)
  2 orc priests
  A bullfrog skeleton (D:11)
  Jessica (D:3)
  An orc wizard (D:8)
  2 worker ants
  A gnoll (D:11)
  8 orcs
  2 quokka skeletons (D:5)
59 creatures vanquished.

Vanquished Creatures (others)
  A polar bear (IceCv)
  5 dream sheep (D:4)
  A yak (IceCv)
  A slave (D:4)
  A wolf (IceCv)
  4 plants (D:12)
13 creatures vanquished.

Grand Total: 375 creatures vanquished

Notes
Turn   | Place    | Note
-------+----------+-------------------------------------------
     0 | D:1      | troglodite the Demonspawn Berserker began the quest for the Orb.
     0 | D:1      | Reached XP level 1. HP: 18/18 MP: 1/1
   962 | D:1      | Gained mutation: You have a pair of small antennae on your head. [demonic ancestry]
   962 | D:1      | Reached XP level 2. HP: 22/24 MP: 2/2
   989 | D:1      | Reached skill level 3 in Long Blades
  1309 | D:2      | Gained mutation: A weak demonic guardian rushes to your aid. [demonic ancestry]
  1309 | D:2      | Reached XP level 3. HP: 21/29 MP: 3/3
  1915 | D:2      | Found a glowing golden altar of the Shining One.
  2239 | D:3      | Gained mutation: You are partially covered in thin metallic scales. (AC +2) [demonic ancestry]
  2239 | D:3      | Reached XP level 4. HP: 36/36 MP: 4/4
  2249 | D:3      | Reached ** piety under Trog
  2277 | D:3      | Noticed Jessica
  2287 | D:3      | Killed Jessica
  2611 | D:4      | Reached skill level 4 in Long Blades
  2614 | D:4      | Gained mutation: You sometimes gain a little power by taking damage. [demonic ancestry]
  2614 | D:4      | Reached XP level 5. HP: 42/42 MP: 5/5
  2761 | D:4      | Found a transporter.
  2842 | D:4      | Noticed a slave
  2842 | D:4      | Noticed a slave
  2843 | D:4      | Noticed Pikel
  2843 | D:4      | Noticed a slave
  2843 | D:4      | Noticed a slave
  2852 | D:4      | Killed Pikel
  2852 | D:4      | Reached skill level 5 in Long Blades
  2852 | D:4      | Reached skill level 1 in Stealth
  2852 | D:4      | Gained mutation: You have a pair of antennae on your head. [demonic ancestry]
  2852 | D:4      | Reached XP level 6. HP: 43/49 MP: 6/6
  2852 | D:4      | Reached XP level 7. HP: 48/55 MP: 7/7
  2949 | D:4      | Noticed Sigmund
  2953 | D:4      | Killed Sigmund
  2996 | D:4      | Found a sparkling altar of Nemelex Xobeh.
  2996 | D:4      | Found an opulent altar of Gozag.
  3123 | D:4      | Found a transporter.
  3165 | D:4      | Found a shimmering altar of Xom.
  3165 | D:4      | Noticed a dream sheep
  3165 | D:4      | Noticed a dream sheep
  3165 | D:4      | Noticed a dream sheep
  3165 | D:4      | Noticed a dream sheep
  3165 | D:4      | Noticed a dream sheep
  3170 | D:4      | Killed a dream sheep
  3170 | D:4      | Killed a dream sheep
  3170 | D:4      | Killed a dream sheep
  3170 | D:4      | Killed a dream sheep
  3170 | D:4      | Killed a dream sheep
  3460 | D:5      | Entered Level 5 of the Dungeon
  3482 | D:5      | Noticed Prince Ribbit
  3497 | D:5      | Killed Prince Ribbit
  3497 | D:5      | Reached skill level 6 in Long Blades
  3499 | D:5      | Reached skill level 5 in Fighting
  3503 | D:5      | Gained mutation: You have a pair of large antennae on your head. (SInv) [demonic ancestry]
  3503 | D:5      | Reached XP level 8. HP: 25/62 MP: 8/8
  3973 | D:5      | Noticed Edmund
  4037 | D:5      | Killed Edmund
  4041 | D:5      | Found a bloodstained altar of Trog.
  4233 | D:5      | Noticed Dowan
  4235 | D:5      | Noticed Duvessa
  4249 | D:5      | Paralysed by fainting for 7 turns
  4259 | D:5      | Killed Dowan
  4286 | D:5      | Killed Duvessa
  4305 | D:5      | Reached skill level 5 in Armour
  4583 | D:5      | Noticed Eustachio
  4654 | D:5      | Killed Eustachio
  5134 | D:6      | Reached skill level 7 in Long Blades
  5514 | D:6      | Gained mutation: You are mostly covered in thin metallic scales. (AC +3) [demonic ancestry]
  5514 | D:6      | Reached XP level 9. HP: 48/69 MP: 9/9
  5527 | D:6      | Noticed a troll
  5625 | D:6      | Killed a troll
  5632 | D:6      | Paralysed by an orc for 7 turns
  6456 | D:5      | Got a warped long sword {protect}
  6457 | D:5      | Identified the +9 long sword of Defiance {protect, +Fly Dex+2} (You took it off an orc priest on level 5 of the Dungeon)
  6604 | D:5      | Found a runed door.
  6608 | D:5      | Noticed Crazy Yiuf
  6612 | D:5      | Killed Crazy Yiuf
  6709 | D:6      | Found a bloodstained altar of Trog.
  6709 | D:6      | Noticed Menkaure
  6714 | D:6      | Reached *** piety under Trog
  6716 | D:6      | Killed Menkaure
  6716 | D:6      | Reached skill level 8 in Long Blades
  6981 | D:7      | Found a staircase to the Ecumenical Temple.
  7787 | D:8      | Reached **** piety under Trog
  7917 | D:8      | You fall through a shaft for 2 floors!
  7917 | D:10     | Entered Level 10 of the Dungeon
  7923 | D:10     | Gained mutation: You sometimes gain power by taking damage. [demonic ancestry]
  7923 | D:10     | Reached XP level 10. HP: 75/77 MP: 10/10
  7931 | D:10     | Noticed a death yak
  7934 | D:10     | Noticed a two-headed ogre
  7934 | D:10     | Noticed a death yak
  7934 | D:10     | Noticed a death yak
  7937 | D:10     | Found a staircase to the Lair.
  7944 | D:10     | Killed a death yak
  7944 | D:10     | Reached skill level 9 in Long Blades
  7948 | D:10     | Killed a two-headed ogre
  7973 | D:9      | Killed a death yak
  8362 | D:9      | Reached skill level 10 in Long Blades
  9080 | D:9      | Found Cyn Luxt's Weapon Shop.
  9270 | D:9      | Killed a death yak
  9532 | D:9      | Gained mutation: A demonic guardian rushes to your aid. [demonic ancestry]
  9532 | D:9      | Reached XP level 11. HP: 50/85 MP: 11/11
  9850 | D:10     | Noticed an angel
  9851 | D:10     | Found a runed door.
  9851 | D:10     | Found a glowing golden altar of the Shining One.
  9949 | D:10     | Noticed a wizard
  9960 | D:10     | Killed a wizard
 10070 | D:10     | Noticed an unseen horror
 10090 | D:10     | Killed an unseen horror
 10090 | D:10     | Reached skill level 11 in Long Blades
 10161 | D:10     | Reached ***** piety under Trog
 11236 | D:11     | Noticed a sixfirhy
 11514 | D:11     | Received a gift from Trog
 11533 | D:11     | Paralysed by a hornet for 1 turns
 11867 | D:11     | Found a staircase to the Orcish Mines.
 11992 | D:11     | Noticed a cyan ugly thing
 12000 | D:11     | Killed a cyan ugly thing
 12397 | D:12     | Noticed a two-headed ogre
 12405 | D:12     | Killed a two-headed ogre
 12424 | D:12     | Reached skill level 12 in Long Blades
 12448 | D:12     | Found a frozen archway.
 12706 | IceCv    | Entered an ice cave
 12771 | IceCv    | Gained mutation: You are powered by pain. [demonic ancestry]
 12771 | IceCv    | Reached XP level 12. HP: 52/95 MP: 12/12
 13329 | IceCv    | Reached skill level 10 in Armour
 14251 | IceCv    | Reached skill level 1 in Shields
 14266 | IceCv    | Received a gift from Trog
 14329 | IceCv    | Noticed a white draconian
 14329 | IceCv    | Noticed a death yak
 14389 | IceCv    | Killed a white draconian
 14396 | IceCv    | Killed a death yak
 14667 | IceCv    | Reached skill level 10 in Fighting
 14796 | D:12     | Reached skill level 5 in Dodging
 15030 | D:12     | Found a viscous altar of Jiyva.
 15506 | D:12     | Found a runed gate.
 15506 | D:12     | Found a runed gate.
 15506 | D:12     | Found a runed gate.
 15510 | D:12     | Noticed a 13-headed hydra
 15514 | D:12     | Noticed HydraWiggins's ghost (journeyman TrAE)
 15648 | D:12     | Noticed a seven-headed hydra
 15676 | D:12     | Slain by a 16-headed hydra

Skill      XL: |  1  2  3  4  5  6  7  8  9 10 11 12 |
---------------+-------------------------------------+-----
Long Blades    | 3 4 5 6 7 8 10 12 | 12.9
Armour         | 2 3 4 5 7 8 9 10 | 10.6
Dodging        | 2 3 4 5 |  5.2
Fighting       | 4 5 6 7 9 10 | 10.1
Stealth        | 1 2 3 |  3.2
Shields        | 3 |  3.8

Action                   |  1- 3 |  4- 6 |  7- 9 | 10-12 || total
-------------------------+-------+-------+-------+-------++-------
Melee: Falchion          |   132 |    54 |   290 |       ||   476
       Long sword        |       |       |   104 |   721 ||   825
Invok: Berserk           |     1 |     4 |    12 |    13 ||    30
       Brothers in Arms  |       |       |       |     4 ||     4
  Use: Scroll            |       |       |       |    12 ||    12
       Potion            |       |       |       |     1 ||     1
 Stab: Distracted        |       |     1 |     4 |     6 ||    11
  Eat: Chunk             |     5 |     5 |    13 |    31 ||    54
       Ration            |       |       |     5 |     3 ||     8
Armor: Animal skin       |     7 |       |       |       ||     7
       Chain mail        |    87 |    44 |   269 |    50 ||   450
       Plate armour      |       |       |       |   547 ||   547
Dodge: Dodged            |    62 |    30 |   199 |   278 ||   569
Block: Large shield      |       |       |       |   227 ||   227
       Rpst.: Falchion   |    19 |     6 |    37 |       ||    62
       Long sword        |       |       |    18 |    72 ||    90
